 Dungeon Crawl Stone Soup version 0.21-b1-23-g1fb0a74 (webtiles) character file.

1964 homeworkjunkie the Cleaver (level 9, -7/78 HPs)
             Began as a Hill Orc Fighter on Jan 5, 2018.
             Mangled by an unseen horror (8 damage)
             ... on level 7 of the Dungeon.
             The game lasted 00:09:43 (6391 turns).

homeworkjunkie the Cleaver (Hill Orc Fighter)       Turns: 6391, Time: 00:09:44

Health: -7/78      AC:  8    Str: 21    XL:     9   Next: 19%
Magic:  9/9        EV: 10    Int: 10    God:
Gold:   284        SH: 10    Dex: 13    Spells: 8/8 levels left

rFire    + . .     SeeInvis .   a - +1 war axe
rCold    . . .     Gourm    .   c - +0 shield
rNeg     . . .     Faith    .   m - +0 ring mail (curse)
rPois    .         Spirit   .   (no helmet)
rElec    .         Reflect  .   (no cloak)
rCorr    .         Harm     .   (no gloves)
MR       .....                  (no boots)
Stlth    +.........             s - amulet of rage
HPRegen  0.23/turn              i - +2 ring of protection
MPRegen  0.11/turn              p - +2 ring of dexterity

@: no status effects
A: clever 1, fire resistance 1, MP-powered wands
a: Evoke Berserk Rage


You were on level 7 of the Dungeon.
You were not hungry.

You visited 2 branches of the dungeon, and saw 8 of its levels.

You collected 366 gold pieces.
You spent 82 gold pieces at shops.

Inventory:

Hand Weapons
 a - a +1 war axe (weapon)
Armour
 b - a +0 scale mail
 c - a +0 shield (worn)
 m - a cursed +0 ring mail (worn)
 q - a +0 chain mail
Jewellery
 h - an uncursed amulet of magic regeneration
 i - a +2 ring of protection (left hand)
 p - a +2 ring of dexterity (right hand)
 s - an amulet of rage (around neck)
Wands
 n - a wand of digging (10)
Scrolls
 j - a scroll of teleportation
 k - a scroll of blinking
Potions
 d - a potion of might
 e - a potion of flight
 l - 2 potions of curing
 o - a potion of lignification
 r - a potion of agility {unknown}
Comestibles
 f - 11 rations


   Skills:
 * Level 6.4 Fighting
 * Level 10.8 Axes
 * Level 6.0 Armour
 + Level 2.0 Dodging
 + Level 1.2 Stealth
 * Level 5.8 Shields


You had 8 spell levels left.
You didn't know any spells.

Dungeon Overview and Level Annotations

Branches:
Dungeon (7/15)             Temple (1/1) D:5

Altars:
Ashenzari
Cheibriados
Dithmenos
Elyvilon
Fedhas
Hepliaklqana
Kikubaaqudgha
Makhleb
Nemelex Xobeh
Qazlal
Ru
Trog
Vehumet
Wu Jian
Xom
Yredelemnul
Zin
The Shining One

Shops:
D:4 =[


Innate Abilities, Weirdness & Mutations

Your mind is acute. (Int +2)
Your flesh is heat resistant. (rF+)
You expend magic power (3 MP) to strengthen your wands.


Message History

You barely miss something. You block something's attack. Something hits you.
You slice something!! Something hits you. x2
* * * LOW HITPOINT WARNING * * *
Something hits you but does no damage.
You miss something.
Something hits you but does no damage. x2
You hit something but do no damage. Something hits you!
* * * LOW HITPOINT WARNING * * *
Something hits you but does no damage. Something hits you.
* * * LOW HITPOINT WARNING * * *
You swing at nothing.
Something hits you.
* * * LOW HITPOINT WARNING * * *
You hit something. Something completely misses you. Something hits you.
* * * LOW HITPOINT WARNING * * *
You miss something. Something hits you.
* * * LOW HITPOINT WARNING * * *
Something hits you.
* * * LOW HITPOINT WARNING * * *
Something hits you!
You die...

######..#.......#
#...#
#..#.......#
+...+
#..'.......#
#...#
####.......#
#...#
#..........#
#...#
#..........# ...#
#...######.##
#... #{.# ####
##@# #.# #.# #.#
#.# #.# #.# #.#
#.#


There were no monsters in sight!

Vanquished Creatures
  A wyvern (D:6)
  Eustachio (D:5)
  Menkaure (D:5)
  A sky beast (D:5)
  The ghost of homeworkjunkie the Skirmisher, an amateur HOFi (D:4)
  Duvessa (D:6)
  A phantom (D:6)
  2 ogres (D:5)
  2 centaurs
  Blork the orc (D:5)
  Dowan (D:6)
  A bullfrog zombie (D:5)
  5 orc wizards
  A bullfrog skeleton (D:5)
  2 centaur skeletons (D:5)
  2 orc priests (D:5)
  Ijyb (D:3)
  Terence (D:2)
  7 worker ants
  Natasha (D:2)
  3 worker ant zombies (D:5)
  7 adders
  A shadow imp (D:5)
  An ooze (D:5)
  An adder skeleton (D:4)
  6 worms
  A dart slug (D:2)
  4 leopard geckos
  9 orcs
  2 ball pythons
  4 giant cockroaches
  2 goblins
  3 hobgoblins
  5 jackals
  3 kobolds (D:1)
  5 quokkas
  A ball python zombie (D:5)
  3 bats
  6 frilled lizards
  A leopard gecko zombie (D:5)
  2 quokka zombies (D:5)
  5 rats
  A plant (D:1)
110 creatures vanquished.

Notes
Turn   | Place    | Note
-------+----------+-------------------------------------------
     0 | D:1      | homeworkjunkie the Hill Orc Fighter began the quest for the Orb.
     0 | D:1      | Reached XP level 1. HP: 19/19 MP: 1/1
   146 | D:1      | Reached XP level 2. HP: 27/27 MP: 2/2
   202 | D:2      | Reached skill level 3 in Axes
   202 | D:2      | Reached XP level 3. HP: 28/33 MP: 3/3
   779 | D:4      | Reached XP level 4. HP: 33/41 MP: 4/4
   919 | D:3      | Found a shadowy altar of Dithmenos.
  1137 | D:3      | Noticed Ijyb
  1149 | D:3      | Killed Ijyb
  1149 | D:3      | Reached skill level 4 in Axes
  1459 | D:2      | Reached XP level 5. HP: 31/47 MP: 5/5
  1649 | D:4      | Reached skill level 5 in Axes
  2039 | D:2      | Noticed Terence
  2048 | D:2      | Killed Terence
  2048 | D:2      | Reached skill level 1 in Stealth
  2131 | D:2      | Noticed Natasha
  2138 | D:2      | Killed Natasha
  2138 | D:2      | Reached XP level 6. HP: 49/53 MP: 6/6
  2147 | D:2      | Found a blossoming altar of Fedhas.
  2855 | D:4      | Reached skill level 6 in Axes
  2878 | D:5      | Entered Level 5 of the Dungeon
  3270 | D:4      | Found Eptuyn Loci's Armour Shoppe.
  3378 | D:4      | Reached skill level 1 in Dodging
  3387 | D:5      | Reached skill level 5 in Fighting
  3387 | D:5      | Reached XP level 7. HP: 42/61 MP: 7/7
  3389 | D:5      | Reached skill level 7 in Axes
  3397 | D:6      | Noticed a wyvern
  3433 | D:4      | Found a burning altar of Makhleb.
  3515 | D:4      | Found Cotu's Jewellery Emporium.
  3528 | D:4      | Bought a +2 ring of dexterity for 82 gold pieces
  3540 | D:4      | Gained mutation: You have a pair of small horns on your head. [potion of mutation]
  3540 | D:4      | Gained mutation: You passively map a small area around you. [potion of mutation]
  3541 | D:4      | Lost mutation: You have a pair of small horns on your head. [potion of mutation]
  3541 | D:4      | Lost mutation: You passively map a small area around you. [potion of mutation]
  3541 | D:4      | Gained mutation: Your mind is acute. (Int +2) [potion of mutation]
  3541 | D:4      | Gained mutation: Your system is resistant to poisons. (rPois) [potion of mutation]
  3541 | D:4      | Gained mutation: You have a pair of small antennae on your head. [potion of mutation]
  3542 | D:4      | Lost mutation: Your mind is acute. (Int +2) [potion of mutation]
  3542 | D:4      | Lost mutation: Your system is resistant to poisons. (rPois) [potion of mutation]
  3542 | D:4      | Lost mutation: You have a pair of small antennae on your head. [potion of mutation]
  3542 | D:4      | Gained mutation: Your mind is acute. (Int +2) [potion of mutation]
  3542 | D:4      | Gained mutation: You expend magic power (3 MP) to strengthen your wands. [potion of mutation]
  3542 | D:4      | Gained mutation: Your flesh is heat resistant. (rF+) [potion of mutation]
  3745 | D:4      | Noticed homeworkjunkie's ghost (amateur HOFi)
  3754 | D:4      | Killed homeworkjunkie's ghost
  4098 | D:5      | Found a staircase to the Ecumenical Temple.
  4104 | Temple   | Entered the Ecumenical Temple
  4314 | D:6      | Reached skill level 5 in Armour
  4315 | D:6      | Reached skill level 8 in Axes
  4490 | D:5      | Reached XP level 8. HP: 67/68 MP: 8/8
  4532 | D:5      | Noticed Eustachio
  4566 | D:5      | Killed Eustachio
  4619 | D:5      | Found a sparkling altar of Nemelex Xobeh.
  4634 | D:5      | Reached skill level 9 in Axes
  4697 | D:5      | Found a shattered altar of Ashenzari.
  4765 | D:5      | Reached skill level 5 in Shields
  4770 | D:5      | Found a basalt altar of Yredelemnul.
  4772 | D:5      | Noticed a profane servitor
  4786 | D:5      | Found a glowing golden altar of the Shining One.
  4788 | D:5      | Noticed an angel
  4932 | D:5      | Noticed Menkaure
  4938 | D:5      | Killed Menkaure
  4987 | D:5      | Reached skill level 10 in Axes
  5092 | D:6      | Found an ornate altar of the Wu Jian Council.
  5121 | D:6      | Found a shadowy altar of Dithmenos.
  5206 | D:5      | Noticed Blork the orc
  5212 | D:5      | Killed Blork the orc
  5271 | D:6      | Killed a wyvern
  5271 | D:6      | Reached XP level 9. HP: 19/75 MP: 9/9
  5738 | D:6      | Noticed Dowan
  5739 | D:6      | Noticed Duvessa
  5752 | D:6      | Killed Dowan
  5754 | D:6      | Killed Duvessa
  6280 | D:7      | Found a hazy altar of Hepliaklqana.
  6391 | D:7      | HP: 1/78 [something (5)]
  6391 | D:7      | Mangled by an unseen horror

Skill      XL: |  1  2  3  4  5  6  7  8  9 |
---------------+----------------------------+-----
Fighting       | 4 5 6 |  6.4
Axes           | 3 4 5 6 8 10 | 10.8
Armour         | 4 5 6 |  6.0
Shields        | 4 5 |  5.8
Stealth        | 1 |  1.2
Dodging        | 1 2 |  2.0

Action                   |  1- 3 |  4- 6 |  7- 9 || total
-------------------------+-------+-------+-------++-------
Melee: War axe           |    96 |   132 |   206 ||   434
       Unarmed           |       |     3 |       ||     3
  Use: Potion            |     2 |     1 |     7 ||    10
       Scroll            |     2 |     4 |     4 ||    10
 Stab: Confused          |       |     1 |       ||     1
  Eat: Ration            |       |     3 |     3 ||     6
Armor: Scale mail        |    39 |    33 |       ||    72
       Skin              |       |     3 |       ||     3
       Ring mail         |       |    22 |    56 ||    78
Dodge: Dodged            |    22 |    47 |    59 ||   128
Block: Shield            |    39 |    70 |    94 ||   203
